 Dungeon Crawl Stone Soup version 0.31-a0-150-g89dc3ad700 (webtiles) character file.

Game seed: 3815545250212902616

357 qw the Shooter (level 6, -1/38 HPs)
             Began as a Gargoyle Hunter on June 8, 2023.
             Slain by a bullfrog zombie (2 damage)
             ... in an ossuary.
             The game lasted 00:01:05 (2080 turns).

qw the Shooter (Gargoyle Hunter)                    Turns: 2080, Time: 00:01:06

Health: -1/38      AC:  9    Str: 15    XL:     6   Next: 64%
Magic:  6/6        EV: 11    Int:  9    God:
Gold:   85         SH:  0    Dex: 15    Spells: 5/5 levels left

rFire   . . .        Y - +2 shortbow (heavy)
rCold   . . .        (shield currently unavailable)
rNeg    + . .        d - +0 ring mail
rPois   inf          (no helmet)
rElec   +            (no cloak)
rCorr   .            (no gloves)
SInv    .            (no boots)
Will    .....        (no amulet)
Stlth   +            (no ring)
HPRegen 0.26/turn    (no ring)
MPRegen 0.10/turn

%: no passive effects
@: no status effects
A: sickness immunity, AC +4, negative energy resistance 1, electricity
resistance, torment resistance 1, petrification resistance
a: no special abilities


You were in an ossuary.
You visited 1 branch of the dungeon, and saw 4 of its levels.
You also visited: Ossuary.

You collected 85 gold pieces.


Innate Abilities, Weirdness & Mutations

You are immune to sickness and miasma.
Your stone body is resilient. (AC +4)
You are immune to poison.
You resist negative energy. (rN+)
You are resistant to electric shocks. (rElec)
You are resistant to unholy torment.
You are immune to petrification.


   Skills:
 - Level 4.0 Fighting
 + Level 6.9 Ranged Weapons
 - Level 1.0 Armour
 - Level 1.5 Dodging
 - Level 1.1 Stealth


You had 5 spell levels left.
You didn't know any spells.
Your spell library was empty.

Inventory:

Hand Weapons
 Y - a +2 heavy shortbow (weapon)
Armour
 d - a +0 ring mail (worn)
Potions
 a - a potion of attraction {unknown}
 g - a potion of heal wounds {unknown}
 i - a potion of curing

Dungeon Overview and Level Annotations

Branches:
Dungeon (4/15)            Ossuary (1/1)
 Temple: D:4-7

Altars:

Shops:
D:1 =

Annotations:
D:2 1 runed translucent door, Crazy Yiuf


Message History

The water moccasin zombie is almost destroyed.
The water moccasin zombie bites you but does no damage. x2
A mummy opens the door.
The water moccasin zombie bites you but does no damage.
You shoot an arrow.
The arrow hits the water moccasin zombie!
You destroy the water moccasin zombie!
The killer bee zombie barely misses you.
A bullfrog zombie comes into view.
A mummy comes into view.
The killer bee zombie closely misses you.
The mummy barely misses you.
You shoot an arrow. The arrow barely misses the mummy.
The killer bee zombie closely misses you.
The killer bee zombie barely misses you.
You shoot an arrow. The arrow hits the killer bee zombie!
The killer bee zombie is heavily damaged.
The killer bee zombie hits you but does no damage. x2
The killer bee zombie completely misses you.
A water moccasin zombie comes into view.
The mummy hits you!
You shoot an arrow. The arrow hits the killer bee zombie!
The killer bee zombie is almost destroyed.
The killer bee zombie closely misses you.
The killer bee zombie hits you but does no damage.
The killer bee zombie barely misses you.
The mummy hits you.
You shoot an arrow. The arrow hits the killer bee zombie!
You destroy the killer bee zombie!
A mummy breaks down the door.
A mummy comes into view.
A bullfrog zombie comes into view.
The mummy hits you!
You shoot an arrow. The arrow hits the mummy!
The mummy is heavily damaged.
The bullfrog zombie hits you but does no damage. x2
The mummy hits you!
You shoot an arrow.
The arrow hits the mummy but does no damage.
The mummy is heavily damaged.
The bullfrog zombie hits you.
You die...

##### #..\#
#.\.###
#...#.#
#.##'##M##'##.
+.....@MMZM...
#+#+#'#Z#Z#+#+
#.#.# #####


You could see 4 mummies, 2 bullfrog zombies and a centaur zombie.

Vanquished Creatures
  A water moccasin zombie (Ossuary)
  A bullfrog zombie (Ossuary)
  Jessica (D:2)
  A killer bee zombie (Ossuary)
  2 mummies (Ossuary)
  4 gnolls (D:3)
  8 adders
  A worm zombie (D:4)
  A worm (D:2)
  3 dart slugs
  10 orcs
  9 ball pythons
  4 endoplasms
  3 giant cockroaches
  6 goblins
  3 hobgoblins
  2 jackals (D:3)
  4 kobolds
  4 quokkas
  3 frilled lizards
  5 rats
76 creatures vanquished.

Notes
Turn   | Place    | Note
-------+----------+-------------------------------------------
     0 | D:1      | qw the Gargoyle Hunter began the quest for the Orb.
     0 | D:1      | Reached XP level 1. HP: 12/12 MP: 1/1
     0 | D:1      | 0 ||| qw: Version: 0.2-a-119-g7aa9181
     0 | D:1      | 0 ||| qw: Game counter: 2934
     0 | D:1      | 0 ||| qw: Always use a shield: true
     0 | D:1      | 0 ||| qw: God list: Okawaru
     0 | D:1      | 0 ||| qw: Allow faded altars: false
     0 | D:1      | 0 ||| qw: Do Orc after D:15 true
     0 | D:1      | 0 ||| qw: Do second Lair branch before Depths: true
     0 | D:1      | 0 ||| qw: Lair rune preference: random
     0 | D:1      | 0 ||| qw: Plans: Normal
     0 | D:1      | 0 ||| PLANNING D:1-11
    21 | D:1      | Reached XP level 2. HP: 17/17 MP: 2/2
   250 | D:1      | Found Xyivouv's One-of-a-Kind Rings.
   260 | D:1      | 260 ||| SHOPLISTING +3 ring of dexterity (130 gold, have
                  | 0).
   260 | D:1      | 260 ||| SHOPLISTING +3 ring of slaying (585 gold, have 0).
   260 | D:1      | 260 ||| SHOPLISTING +3 ring of strength (130 gold, have 0).
   260 | D:1      | 260 ||| SHOPLISTING +8 ring of strength (715 gold, have 0).
   260 | D:1      | 260 ||| SHOPLISTING ring "Ismovvuk" {Fly Str+3 Int+3 Dex+3}
                  | (564 gold, have 0).
   260 | D:1      | 260 ||| SHOPLISTING ring of Happiness {Fly rCorr} (391
                  | gold, have 0).
   311 | D:1      | Reached XP level 3. HP: 21/21 MP: 3/3
   636 | D:1      | 636 ||| DROPPING ring of flight.
   637 | D:1      | 637 ||| READING scroll labelled NUFUEM HECRAF.
   638 | D:1      | 638 ||| READING scroll labelled QENEAG BUGGUSS.
   639 | D:1      | 639 ||| DROPPING scroll of butterflies.
   665 | D:2      | Reached skill level 5 in Ranged Weapons
   670 | D:2      | 670 ||| STAIRDANCE
   760 | D:2      | Found a faded altar of an unknown god.
   868 | D:2      | Noticed Jessica
   873 | D:2      | Killed Jessica
   874 | D:2      | Reached skill level 3 in Fighting
   874 | D:2      | Reached XP level 4. HP: 23/28 MP: 4/4
  1074 | D:2      | Found a runed translucent door.
  1075 | D:2      | Noticed Crazy Yiuf
  1078 | D:2      | 1078 ||| UPGRADING to +0 ring mail.
  1088 | D:2      | 1088 ||| DROPPING +0 leather armour.
  1089 | D:2      | 1089 ||| READING scroll labelled KETTOT QITS.
  1090 | D:2      | 1090 ||| READING scroll labelled KEWEZINACU.
  1132 | D:3      | Reached skill level 1 in Armour
  1196 | D:3      | Reached XP level 5. HP: 32/32 MP: 5/5
  1241 | D:3      | HP: 3/32 [gnoll/+0 halberd (8)]
  1503 | D:3      | Reached skill level 6 in Ranged Weapons
  1624 | D:3      | 1624 ||| SWAPPING to +2 heavy shortbow.
  1625 | D:3      | 1625 ||| DROPPING +0 shortbow.
  1852 | D:3      | 1852 ||| DROPPING scarf of harm.
  1853 | D:3      | 1853 ||| READING scroll labelled OXKOUG BIROLO.
  1854 | D:3      | 1854 ||| READING scroll labelled SOTUUG GIEMIK.
  1855 | D:3      | 1855 ||| DRINKING 2 glowing dark potions.
  1862 | D:3      | 1862 ||| DRINKING 2 blue potions.
  1863 | D:3      | 1863 ||| DROPPING potion of ambrosia.
  1894 | D:4      | 1894 ||| PLANNING OSSUARY
  2045 | D:4      | Found a sand-covered staircase.
  2048 | D:4      | 2048 ||| READING scroll labelled ICOOLI KENEDUDGH.
  2053 | D:4      | Reached XP level 6. HP: 38/38 MP: 6/6
  2057 | Ossuary  | Entered an ossuary
  2079 | Ossuary  | HP: 1/38 [mummy (11)]
  2080 | Ossuary  | Slain by a bullfrog zombie

Levels and vault maps discovered:
D:1:      minmay_arrival_radiant_lines, layout_rooms, serial_corexii_hall,
          corexii_hall_statues_x, corexii_hall_statues_x,
          chequers_hall_statues_y, nicolae_shop_unique_rings,
          chequers_serial_rivers_small_3
D:2:      layout_rooms, hellmonk_ecumenical_altar_zigzags, st_stairs_5,
          uniq_jessica, uniq_crazy_yiuf_cottage
D:3:      layout_basic
D:4:      old_forge, layout_loops_corners, xom_confusion_cloud, enter_ossuary_3,
          serial_shops, shop
Ossuary:  ossuary_zaba_flooded

Skill      XL: |  1  2  3  4  5 |
---------------+----------------+-----
Ranged Weapons | 5 6 |  6.9
Fighting       | 3 4 |  4.0
Armour         | 1 |  1.0
Dodging        | |  1.5
Stealth        | |  1.1

Action                     |  1- 3 |  4- 6 || total
---------------------------+-------+-------++-------
   Fire: Shortbow          |   108 |   175 ||   283
    Use: Scroll            |     2 |     5 ||     7
         Potion            |       |     2 ||     2
 Armour: Leather armour    |    21 |     2 ||    23
         Ring mail         |       |    57 ||    57
  Dodge: Dodged            |    29 |    92 ||   121

Table legend:
 A = Non-vault XP
 B = Vault XP
 C = Vault XP percentage of total XP
 D = Non-vault monster count
 E = Vault monster count
 F = Vault count percentage of total count
                 A         B        C        D         E       F
            +---------+---------+-------+---------+---------+-------
      Total |     266 |     245 |  47.9 |      66 |      10 |  13.2
            +---------+---------+-------+---------+---------+-------
        D:1 |      48 |       0 |   0.0 |      22 |       0 |   0.0
        D:2 |      23 |      52 |  69.3 |       9 |       4 |  30.8
        D:3 |     165 |       0 |   0.0 |      28 |       0 |   0.0
        D:4 |      30 |       7 |  18.9 |       7 |       1 |  12.5
    Ossuary |       0 |     186 | 100.0 |       0 |       5 | 100.0
            +---------+---------+-------+---------+---------+-------
